 Dungeon Sprint DCSS version 0.27.1-1-g398f81649c (webtiles) character file.

Game seed: 3500055379719585704

74 ugugthedestroyer the Ducker (level 4, -2/52 HPs)
             Began as a Djinni Gladiator on Sept 6, 2021.
             Was an Initiate of Gozag.
             Slain by a gnoll (3 damage)
             ... in the Dungeon (Sprint VII: "The Pits").
             The game lasted 00:02:29 (278 turns).

ugugthedestroyer the Ducker (Djinni Gladiator)       Turns: 278, Time: 00:02:29

Health: -2/52      AC:  4    Str: 14    XL:     4   Next: 52%
Gold:   450        EV: 14    Int: 10    God:    Gozag SH:  0 Dex: 14

rFire    + + .     SeeInvis .   j - +2 falchion
rCold    x . .     Faith    .   (no shield)
rNeg     . . .     Spirit   .   b - +0 leather armour
rPois    ∞         Reflect  .   c - +0 helmet
rElec    .         Harm     .   (no cloak)
rCorr    .         Rampage  .   (no gloves)
Will     .....     NoTele   +   (boots unavailable)
Stlth    ..........             (no amulet)
HPRegen  0.17/turn              (no ring)
MPRegen  0.00/turn              (no ring)

@: berserking, gold aura, flying, very slightly contaminated, hasted, invisible,
very quick
A: sickness immunity, fire resistance 2, cold vulnerability 1, float, innate
caster, hp casting, extra vitality 1
a: Renounce Religion, Potion Petition, Call Merchant, Bribe Branch


You were in the Dungeon.
You worshipped Gozag.
Gozag was aware of your devotion.
You visited 1 branch You collected 450 gold pieces.

Inventory:

Hand Weapons
 a - a +0 long sword
 j - a +2 falchion (weapon)
Armour
 b - a +0 leather armour (worn)
 c - a +0 helmet (worn)
Scrolls
 i - a scroll of blinking
 k - a scroll of summoning
Potions
 d - a potion of invisibility
 h - 2 potions of berserk rage


   Skills:
 * Level 3.3 Fighting
 + Level 5.2 Long Blades
 - Level 2.5 Throwing
 - Level 1.0 Armour
 + Level 6.1 Dodging
 * Level 0.6 Spellcasting


You had 3 spell levels left.
You knew the following spells:

 Your Spells              Type           Power      Damage    Failure   Level
a - Sting                 Tmut/Pois      4%         1d3       34%         1
Your spell library was empty.

Dungeon Overview and Level Annotations

Branches:
Dungeon (1/1)

Altars:
Ashenzari
Cheibriados
Dithmenos
Elyvilon
Fedhas
Gozag
Hepliaklqana
Kikubaaqudgha
Makhleb
Nemelex Xobeh
Okawaru
Qazlal
Ru
Sif Muna
Trog
Uskayaw
Vehumet
Wu Jian
Xom
Yredelemnul
Zin
The Shining One
Beogh
Jiyva
Lugonu


Innate Abilities, Weirdness & Mutations

You are immune to sickness and miasma.
You are immune to poison.
Your flesh is very heat resistant. (rF++)
You are vulnerable to cold. (rC-)
You float through the air rather than walking.
You learn spells naturally, not from books.
Your magical power is your life essence.
You have superior vitality. (+4 HP)


Message History

The phantom hits you. The gnoll barely misses you.
The gnoll hits you from afar with a +0 spear.
You feel yourself speed up. The phantom closely misses you.
You riposte.
You hit the phantom.
The phantom is moderately damaged.
The gnoll hits you with a +0 club. The gnoll barely misses you.
You hit the phantom but do no damage.
The phantom is moderately damaged.
The phantom closely misses you.
You feel better. The gnoll hits you but does no damage.
The gnoll hits you from afar with a +0 spear.
You fade into invisibility!
The phantom misses you. The gnoll hits you but does no damage.
The gnoll misses you.
You are very lightly contaminated with residual magic.
You hit the phantom.
The phantom is moderately damaged.
The phantom hits you!
* * * LOW HITPOINT WARNING * * *
A red film seems to cover your vision as you go berserk!
You feel yourself moving faster!
You feel mighty! The gnoll hits you with a +0 club!
* * * LOW HITPOINT WARNING * * *
You barely miss the phantom.
The phantom is moderately damaged.
The phantom barely misses you. The gnoll misses you.
The gnoll closely misses you.
You miss the phantom.
The phantom is moderately damaged.
The phantom closely misses you. The gnoll misses you.
You hit the phantom.
The phantom is heavily damaged.
The gnoll closely misses you. The phantom hits you.
* * * LOW HITPOINT WARNING * * *
You catch the helpless phantom completely off-guard!
You slash the phantom!
The phantom is severely damaged.
The gnoll hits you with a +0 club.
You die...
Your body crumbles into a pile of gold.

#.........†.'........
#+#####'#####......#.
#..#..# #........
#..'..# ####'####
#..#### #.......#
#..# # #.......# #..#
.# #.......#
##'#..#+###...<...#
#.@Wg....##.......#
#..g.....##.......#
###########.......#
#########


You could see a phantom and 2 gnolls.

Vanquished Creatures
  A scorpion (D)
  A river rat (D)
  A goblin (D)
  4 jackals (D)
  A ball python (D)
  A jackal skeleton (D)
  A rat (D)
10 creatures vanquished.

Notes
Turn   | Place    | Note
-------+----------+-------------------------------------------
     0 | D        | ugugthedestroyer the Djinni Gladiator began the quest for
                  | the Orb.
     0 | D        | Reached XP level 1. HP: 18/18 MP: 0/0
    43 | D        | Found a bloodstained altar of Trog.
    43 | D        | Found a viscous altar of Jiyva.
    43 | D        | Found a hazy altar of Hepliaklqana.
    43 | D        | Found an opulent altar of Gozag.
    44 | D        | Found a glowing golden altar of the Shining One.
    44 | D        | Found a glowing silver altar of Zin.
    44 | D        | Found a basalt altar of Yredelemnul.
    44 | D        | Found a shimmering altar of Xom.
    44 | D        | Found an ornate altar of the Wu Jian Council.
    44 | D        | Found a sacrificial altar of Ru.
    44 | D        | Found a stormy altar of Qazlal.
    44 | D        | Found an iron altar of Okawaru.
    44 | D        | Found a sparkling altar of Nemelex Xobeh.
    44 | D        | Found a burning altar of Makhleb.
    44 | D        | Found a blossoming altar of Fedhas.
    44 | D        | Found a white marble altar of Elyvilon.
    44 | D        | Found a shadowy altar of Dithmenos.
    44 | D        | Found a snail-covered altar of Cheibriados.
    47 | D        | Found a corrupted altar of Lugonu.
    48 | D        | Found a hide-covered altar of Uskayaw.
    48 | D        | Found a broken altar of Ashenzari.
    53 | D        | Became a worshipper of Gozag Ym Sagoz the Greedy
    66 | D        | Noticed a scorpion
    84 | D        | Killed a scorpion
    85 | D        | Reached skill level 1 in Armour
    85 | D        | Reached skill level 5 in Dodging
    85 | D        | Reached XP level 2. HP: 15/25 MP: 0/0
    85 | D        | Reached XP level 3. HP: 18/30 MP: 0/0
    85 | D        | Learned a level 1 spell: Sting
    85 | D        | Reached XP level 4. HP: 21/35 MP: 0/0
   240 | D        | Reached skill level 5 in Long Blades
   240 | D        | Reached skill level 6 in Dodging
   261 | D        | Noticed a phantom
   277 | D        | HP: 1/52 [phantom (6)]
   278 | D        | Slain by a gnoll

Illustrated notes

Levels and vault maps discovered:
D:        pitsprint [storerooms_1, entrance_room_1, metal_vault_8, armoury_1,
          mini_pit_1, grid_room_1, main_hall_1, silver_pit, the_coven_1,
          the_vestibule_1, steel_vault_5, golden_pit, hallway_of_sentries,
          crystal_vault_1, iron_vault_4, final_vault]

Skill      XL: |  1  2  3  4 |
---------------+-------------+-----
Fighting       | 3 |  3.3
Long Blades    | 4 5 |  5.2
Throwing       | 2 |  2.5
Armour         | 1 |  1.0
Dodging        | 5 6 |  6.1
Spellcasting   | |  0.6

Action                   |  1- 3 |  4- 6 || total
-------------------------+-------+-------++-------
Melee: Falchion          |     8 |    30 ||    38
       Long sword        |     1 |       ||     1
 Cast: Sting             |       |     2 ||     2
  Use: Potion            |     1 |     4 ||     5
 Stab: Invisible         |       |     1 ||     1
Armor: Leather armour    |     8 |    11 ||    19
Dodge: Dodged            |     6 |    46 ||    52
       Rpst.: Falchion   |     2 |    13 ||    15
